 Dungeon Crawl Stone Soup version 0.20-a0-1026-gc3ddcbd (webtiles) character file.

851 Gorglomux the Sneak (level 7, 27/27 HPs)
             Began as a Felid Ice Elementalist on Apr 20, 2017.
             Was a Believer of Dithmenos.
             Quit the game on level 7 of the Dungeon.
             The game lasted 00:17:50 (10164 turns).

Gorglomux the Sneak (Felid Ice Elementalist)       Turns: 10164, Time: 00:17:50

Health: 27/27      AC:  2    Str:  7    XL:     7   Next: 69%
Magic:  24/24      EV: 23    Int: 19    God:    Dithmenos [**....]
Gold:   314        SH:  0    Dex: 16    Spells: 9/16 levels left
                                        Lives:  0   Deaths: 2

rFire    . . .     SeeInvis +   (weapon unavailable)
rCold    + + .     Gourm    .   (shield unavailable)
rNeg     + . .     Faith    .   (armour unavailable)
rPois    .         Spirit   .   (helmet unavailable)
rElec    .         Reflect  .   (cloak unavailable)
rCorr    .         Harm     .   (gloves unavailable)
MR       +....                  (boots unavailable)
Stlth    +++++.....             y - amulet "Xykeytel" {+Rage rC+ rN+ Str+3}
Regen    0.1/turn               m - ring of protection from cold {rC+, !d}
MPRegen  0.2/turn               w - ring of magical power {MP+9}

@: wreathed by umbra, quick
A: no armour, no weapons or thrown items, stealth, claws 1, fangs 3, see
invisible, carnivore 3, speed 1, shaggy fur 2, slow metabolism 1, sharp paws
a: Shadow Step, Renounce Religion, Evoke Berserk Rage


You were on level 7 of the Dungeon.
You worshipped Dithmenos.
Dithmenos was pleased with you.
You were not hungry.

You visited 1 branch of the dungeon, and saw 7 of its levels.

You collected 314 gold pieces.

Inventory:

Jewellery
 f - an uncursed amulet of harm
   (You found it on level 1 of the Dungeon)
 m - a ring of protection from cold (left paw) {rC+, !d}
   (You found it on level 2 of the Dungeon)
 r - an uncursed amulet of guardian spirit {Spirit}
   (You found it on level 3 of the Dungeon)
 w - a ring of magical power (right paw) {MP+9}
   (You found it on level 4 of the Dungeon)
 y - the amulet "Xykeytel" (around neck) {+Rage rC+ rN+ Str+3}
   (You found it on level 4 of the Dungeon)

   [amulet of rage]

   It affects your strength (+3).
   It protects you from cold.
   It protects you from negative energy.
   It lets you go berserk.
Wands
 p - a wand of confusion (29/48)
   (You found it on level 7 of the Dungeon)
 B - a wand of iceblast (1/15)
   (You found it on level 4 of the Dungeon)
Scrolls
 d - 5 scrolls of remove curse {unknown}
 e - 3 scrolls of amnesia {unknown}
 g - 3 scrolls of teleportation
 h - 2 scrolls of fog
 i - 3 scrolls of recharging {unknown}
 l - 2 scrolls of blinking {unknown}
 u - 2 scrolls of immolation {unknown}
 z - a scroll of enchant weapon
 A - a scroll of magic mapping {unknown}
 C - 2 scrolls of random uselessness {unknown}
 D - a scroll of holy word {unknown}
 E - a scroll of fear {unknown}
Potions
 c - 2 potions of cancellation {unknown}
 j - 5 potions of curing
 k - 2 potions of agility {unknown}
 n - a potion of haste
 o - 2 potions of mutation {unknown}
 q - 2 potions of might
 s - a potion of berserk rage {!q}
 v - a potion of flight {unknown}
 x - 2 potions of invisibility {unknown}
 G - a potion of magic {unknown}
Books
 a - a book of Frost
Comestibles
 b - 3 meat rations {@e2@e2}
 F - a royal jelly


   Skills:
 + Level 7.2 Dodging
 + Level 7.9 Stealth
 + Level 5.0 Spellcasting
 * Level 6.1 Conjurations
 + Level 5.7 Ice Magic


You had 9 spell levels left.
You knew the following spells:

 Your Spells              Type           Power        Failure   Level  Hunger
a - Freeze                Ice            ####         1%          1    None
b - Throw Icicle          Conj/Ice       ####....     11%         4    ####...
x - Throw Frost           Conj/Ice       ####..       1%          2    #......


Dungeon Overview and Level Annotations

Branches:
Dungeon (7/15)             Temple (0/1) D:4

Altars:
Dithmenos
Hepliaklqana
Sif Muna
Xom
The Shining One

Annotations:
D:4 1 runed door
D:5 dvd's ghost, amateur TrBe


Innate Abilities, Weirdness & Mutations

You cannot wear armour.
You are incapable of wielding weapons or throwing items.
Your paws allow you to move quietly. (Stealth)
You have sharp claws.
You have razor-sharp teeth.
You have supernaturally acute eyesight. (SInv)
You are carnivorous and can eat meat at any time.
You cover ground quickly.
You are covered in thick fur. (AC +2)
You have a slow metabolism.
Your sharp claws are effective at attacking unaware monsters.


Message History

You feel strangely unstable.
It was a scroll of teleportation.
As you read the scroll of identify, it crumbles to dust.
n - a potion of haste
As you read the scroll of identify, it crumbles to dust.
j - 5 potions of curing Your surroundings suddenly seem different.
As you read the scroll of identify, it crumbles to dust.
q - 2 potions of might
There is a stone staircase leading down here.
The kobold is too close now for your liking.
A kobold is nearby!
A kobold is nearby!
No target in view!
There is an open door here.
Things that are here:
a mace; a short sword of venom You see here 5 stones.
The kobold misses you.
You scratch the kobold but do no damage.
The kobold closely misses you.
You miss the kobold. The kobold completely misses you.
You scratch the kobold. The kobold completely misses you.
You closely miss the kobold. The kobold closely misses you.
You miss the kobold. The kobold hits you but does no damage.
You scratch the kobold but do no damage.
Your bite misses the kobold. The kobold misses you.
You scratch the kobold.
You kill the kobold!
Dithmenos accepts your kill.
No target in view!
No target in view!
No target in view!
No target in view!
No target in view!
No target in view!
Items here: ( ) [ † a whip; a robe; a poisoned needle; a kobold corpse You see here a short sword.
You see here a short sword.
Items here: ( ) [ † a whip; a robe; a poisoned needle; a kobold corpse You see here 5 stones.
There is an open door here.
Things that are here:
a mace; a short sword of venom
d - 5 scrolls labeled XEONODOHEH (gained 1)
There is an open door here. 2 killer bees and an ogre come into view.
There are monsters nearby!
There are monsters nearby!
There are monsters nearby!
Aim: an ogre, wielding a giant club (hasn't noticed you)
The shard of ice hits the ogre.
The ogre shouts!
The killer bee buzzes angrily.
You hear an angry buzzing noise. x2; The killer bee buzzes angrily.
The killer bee moves out of view. 2 killer bees come into view.
You now have 21/25 mp.
Unknown command.
Aim: a killer bee (umbra)
You freeze the killer bee. The killer bee stings you.
The killer bee completely misses you.
You take 4 damage, and have 27/31 hp.
You now have 22/25 mp.
Aim: a killer bee (heavily wounded, umbra)
You freeze the killer bee. The killer bee stings you.
The killer bee stings you!
You take 15 damage, and have 12/31 hp.
MASSIVE DAMAGE!!
You now have 21/25 mp.
Aim: a killer bee (almost dead, umbra)
You freeze the killer bee.
You kill the killer bee!
Dithmenos accepts your kill.
Your Spellcasting skill increases to level 5!
The killer bee closely misses you.
You now have 20/25 mp.
Aim: a killer bee (umbra)
You freeze the killer bee. The killer bee barely misses you.
The killer bee completely misses you.
You now have 19/25 mp.
Aim: a killer bee (severely wounded, umbra)
You freeze the killer bee. The killer bee completely misses you.
The killer bee closely misses you.
Aim: a killer bee (almost dead, umbra)
You freeze the killer bee.
You kill the killer bee!
Dithmenos accepts your kill.
An orc comes into view.
You now have 18/25 mp.
The orc shouts!
There is an open door here.
Aim: an ogre, wielding a giant club (heavily wounded, umbra)
The shard of ice misses the ogre.
The shard of ice hits the killer bee.
The orc hits you. The ogre hits you with a giant club!!
Ouch! That really hurt!
You die...
You are now level 7!
You rejoin the land of the living...
Health restored: 27; MP restored: 24

####....########################
............................>..##
####....###########.####[###.#...
#.......# #####.####.# #.#..#
####.##.####..........###.####
#....##.......##.##.......#...
#.##########...#<.#.......##.#
####.# #...#..#...†...'..# #))..#
#.@....#.......#### ##[###
#...#.##########
.).############......#
####.................#
####.................#
........................#
####................##...
#...######..####.# .... #####
##.# #.# ...


There were no monsters in sight!

Vanquished Creatures
  Grinder (D:6)
  A hippogriff (D:7)
  Sigmund (D:5)
  Menkaure (D:7)
  An orc warrior (D:7)
  A black bear (D:6)
  2 centaurs
  An ogre (D:6)
  2 big kobolds
  A wyvern skeleton (D:6)
  4 scorpions
  2 killer bees (D:7)
  3 wights
  2 howler monkeys (D:5)
  A crimson imp (D:5)
  2 bullfrog zombies (D:6)
  2 hounds (D:6)
  A centaur zombie (D:6)
  An orc priest (D:7)
  A centaur skeleton (D:6)
  5 orc wizards
  2 worker ants (D:4)
  A hound zombie (D:6)
  3 gnolls (D:3)
  5 adders
  An ooze (D:3)
  An adder skeleton (D:6)
  2 adder zombies
  A dart slug (D:1)
  3 worms (D:2)
  5 leopard geckos
  16 orcs
  7 giant cockroaches
  10 goblins
  3 hobgoblins (D:1)
  9 jackals
  A quokka (D:7)
  4 ball pythons
  9 bats
  8 frilled lizards
  A jackal skeleton (D:4)
  13 kobolds
  6 rats
147 creatures vanquished.

Notes
Turn   | Place    | Note
-------+----------+-------------------------------------------
     0 | D:1      | Gorglomux the Felid Ice Elementalist began the quest for the Orb.
     0 | D:1      | Reached XP level 1. HP: 7/7 MP: 4/4
   190 | D:1      | Reached skill level 3 in Stealth
   248 | D:1      | Reached XP level 2. HP: 10/11 MP: 0/6
   417 | D:1      | Reached skill level 3 in Ice Magic
   421 | D:1      | Reached skill level 3 in Dodging
   990 | D:2      | Reached XP level 3. HP: 14/14 MP: 5/7
  1053 | D:2      | HP: 1/14 [worm (13)]
  1611 | D:2      | Found a shadowy altar of Dithmenos.
  1614 | D:2      | Found a deep blue altar of Sif Muna.
  1622 | D:2      | Became a worshipper of Dithmenos the Shadowed
  1642 | D:2      | Found a hazy altar of Hepliaklqana.
  1659 | D:2      | HP: 2/14 [worm (12)]
  1948 | D:2      | Learned a level 2 spell: Throw Frost
  2311 | D:2      | Reached XP level 4. HP: 18/18 MP: 3/8
  2783 | D:3      | Reached skill level 4 in Stealth
  2848 | D:3      | Learned a level 4 spell: Throw Icicle
  2852 | D:3      | Reached skill level 1 in Conjurations
  3392 | D:3      | Reached XP level 5. HP: 21/21 MP: 9/9
  3843 | D:4      | Reached * piety under Dithmenos
  3867 | D:4      | HP: 5/21 [poisoned by a worker ant]
  4132 | D:4      | Reached skill level 4 in Dodging
  4132 | D:4      | Reached skill level 2 in Conjurations
  4314 | D:4      | Found a glowing golden altar of the Shining One.
  4314 | D:4      | Noticed an angel
  4315 | D:4      | Found a runed door.
  4403 | D:4      | Got a wavering iron amulet
  4422 | D:4      | Found a staircase to the Ecumenical Temple.
  4700 | D:4      | Identified the amulet "Xykeytel" {+Rage rC+ rN+ Str+3} (You found it on level 4 of the Dungeon)
  4715 | D:4      | Reached skill level 3 in Spellcasting
  4715 | D:4      | Gained mutation: You are covered in thick fur. (AC +2) [Felid growth]
  4715 | D:4      | Reached XP level 6. HP: 24/24 MP: 4/11
  4721 | D:4      | HP: 5/24 [orc wizard/puff of flame (11)]
  4723 | D:4      | Reached skill level 5 in Stealth
  5208 | D:5      | Entered Level 5 of the Dungeon
  5338 | D:5      | Found a shimmering altar of Xom.
  5371 | D:5      | Noticed dvd's ghost (amateur TrBe)
  5393 | D:5      | Noticed Sigmund
  5568 | D:5      | Reached skill level 4 in Ice Magic
  5945 | D:5      | Reached skill level 3 in Conjurations
  5945 | D:5      | Reached XP level 7. HP: 14/27 MP: 12/13
  5967 | D:5      | HP: 6/27 [poisoned by a scorpion]
  6283 | D:5      | Killed Sigmund
  6286 | D:5      | Reached skill level 6 in Stealth
  6690 | D:5      | Reached skill level 5 in Dodging
  6753 | D:6      | Reached ** piety under Dithmenos
  6777 | D:6      | Reached skill level 4 in Conjurations
  6783 | D:6      | HP: 6/27 [wight/morningstar (12)]
  6789 | D:6      | HP: 4/27 [poisoned by a big kobold]
  6794 | D:6      | HP: 4/27 [poisoned by a big kobold]
  6799 | D:6      | HP: 3/27 [poisoned by a big kobold]
  6804 | D:6      | HP: 2/27 [poisoned by a big kobold]
  7675 | D:6      | HP: 6/27 [bullfrog zombie (4)]
  7913 | D:6      | Reached skill level 4 in Spellcasting
  7913 | D:6      | Reached XP level 8. HP: 31/31 MP: 14/15
  8553 | D:6      | Noticed Grinder
  8595 | D:6      | Reached skill level 5 in Ice Magic
  8673 | D:6      | Reached skill level 7 in Stealth
  8677 | D:6      | Reached skill level 6 in Dodging
  8677 | D:6      | Reached skill level 5 in Conjurations
  8786 | D:6      | HP: 7/31 [hound (1)]
  9044 | D:6      | Paralysed by Grinder for 6 turns
  9046 | D:6      | HP: 4/31 [Grinder (11)]
  9047 | D:6      | Slain by Grinder
  9048 | D:6      | Reached XP level 7. HP: 0/27 MP: 1/23
  9061 | D:6      | Killed Grinder
  9061 | D:6      | Reached XP level 8. HP: 31/31 MP: 15/15
  9394 | D:7      | Noticed a hippogriff
  9403 | D:7      | Killed a hippogriff
  9570 | D:7      | HP: 7/31 [poisoned by a kobold]
  9834 | D:7      | Noticed Menkaure
  9893 | D:7      | Reached skill level 7 in Dodging
  9940 | D:7      | Killed Menkaure
  9940 | D:7      | Reached skill level 6 in Conjurations
 10155 | D:7      | Reached skill level 5 in Spellcasting
 10163 | D:7      | Demolished by an ogre
 10164 | D:7      | Reached XP level 7. HP: -20/27 MP: 15/24
 10164 | D:7      | Quit the game

Vault maps used:
D:1:      ncdulo_halloftheorcs
D:2:      minitemple, nicolae_overflow_hidden_temple
D:4:      minmay_temple_entry_glass, first_bread, lemuel_angel_altar
D:5:      basic_altar, nemelex_dance_club_becter, uniq_sigmund
D:6:      uniq_grinder
D:7:      uniq_prince_ribbit1, uniq_menkaure, uniq_pikel

Skill      XL: |  1  2  3  4  5  6  7  8 |
---------------+-------------------------+-----
Stealth        | 3 4 5 6 7 |  7.9
Ice Magic      | 3 4 5 |  5.7
Dodging        | 3 4 5 7 |  7.2
Conjurations   | 1 2 3 4 6 |  6.1
Spellcasting   | 3 4 5 |  5.0

Action                   |  1- 3 |  4- 6 |  7- 9 || total
-------------------------+-------+-------+-------++-------
Melee: Unarmed           |    44 |    87 |   123 ||   254
       Bite              |     4 |     3 |    15 ||    22
 Cast: Freeze            |    37 |    67 |    64 ||   168
       Throw Frost       |     6 |    31 |    31 ||    68
       Throw Icicle      |       |     1 |    66 ||    67
Evoke: Wand              |       |       |     3 ||     3
  Use: Scroll            |       |     2 |     5 ||     7
 Stab: Sleeping          |    10 |    15 |     5 ||    30
       Distracted        |       |       |     1 ||     1
  Eat: Chunk             |    10 |     9 |    10 ||    29
       Meat ration       |       |       |     1 ||     1
       Royal jelly       |       |       |     1 ||     1
Armor: Skin              |     1 |     5 |    10 ||    16
Dodge: Dodged            |    57 |   162 |   238 ||   457

Vault maps used:
D:1:      ncdulo_halloftheorcs
D:2:      minitemple, nicolae_overflow_hidden_temple
D:4:      minmay_temple_entry_glass, first_bread, lemuel_angel_altar
D:5:      basic_altar, nemelex_dance_club_becter, uniq_sigmund
D:6:      uniq_grinder
D:7:      uniq_prince_ribbit1, uniq_menkaure, uniq_pikel

Table legend:
 A = Turns spent in this place as a percentage of turns spent in the entire game.
 B = Non-inter-level travel turns spent in this place as a percentage of non-inter-level travel turns spent in the entire game.
 C = Inter-level travel turns spent in this place as a percentage of turns spent in this place.
 D = Turns resting spent in this place as a percentage of non-inter-level travel turns spent in this place.
 E = Turns spent auto-exploring this place as a percentage of non-inter-level travel turns spent in this place.
 F = Non-inter-level travel turns spent in this place divided by the number of levels of this place that you've seen.
                   A       B       C       D       E      F
               +-------+-------+-------+-------+-------+----------------------
         Total | 100.0 | 100.0 |   0.2 |   5.3 |   5.6 | 403.3
       Dungeon | 100.0 | 100.0 |   0.2 |   5.3 |   5.6 | 403.3
               +-------+-------+-------+-------+-------+----------------------

Table legend:
 A = Kills in this place as a percentage of kills in entire the game.
 B = Kills by you in this place as a percentage of kills by you in the entire game.
 C = Kills by friends in this place as a percentage of kills by friends in the entire game.
 D = Other kills in this place as a percentage of other kills in the entire game.
 E = Experience gained in this place as a percentage of experience gained in the entire game.
 F = Experience gained in this place divided by the number of levels of this place that you have seen.
                   A       B       C       D       E      F
               +-------+-------+-------+-------+-------+----------------------
         Total | 100.0 | 100.0 |  -nan |  -nan | 100.0 | 498.1
       Dungeon | 100.0 | 100.0 |  -nan |  -nan | 100.0 | 498.1
               +-------+-------+-------+-------+-------+----------------------
